 Dungeon Crawl Stone Soup version 0.25.0-26-g0c896c7088 (webtiles) character file.

Game seed: 12725589298348097714

15894 xccam the Blocker (level 12, -5/77 HPs)
             Began as an Octopode Monk on July 1, 2020.
             Was a High Priest of Dithmenos.
             Slain by a wolf spider (17 damage)
             ... on level 12 of the Dungeon.
             The game lasted 00:22:44 (14826 turns).

xccam the Blocker (Octopode Monk)                  Turns: 14826, Time: 00:22:45

Health: -5/77      AC:  1    Str: 23    XL:     12   Next: 31%
Magic:  0/12       EV: 18    Int: 15    God:    Dithmenos [*****.]
Gold:   2327       SH: 14    Dex: 19    Spells: 11/11 levels left

rFire    x . .     SeeInvis .     - Unarmed
rCold    + + .     Gourm    .   A - +0 kite shield
rNeg     . . .     Faith    .   (helmet restricted)
rPois    .         Spirit   +   J - amulet of guardian spirit
rElec    +         Reflect  .   g - +6 ring of strength
rCorr    +         Harm     .   o - ring of resist corrosion
MR       .....                  p - +6 ring of strength
Stlth    +++++++++.             E - ring of flight
HPRegen  0.22/turn              I - ring of Wyblus {rElec rC+ Int+3}
MPRegen  0.13/turn              e - ring of ice
                                (no ring)
                                (no ring)

@: wreathed by umbra
A: almost no armour, stealthy swim, amphibious, 8 rings, constrict 8, camouflage
1, gelatinous body 1
a: Shadow Step, Shadow Form, Renounce Religion, Evoke Flight


You were on level 12 of the Dungeon.
You worshipped Dithmenos.
Dithmenos was extremely pleased with you.
You were not hungry.

You visited 2 branches of the dungeon, and saw 13 of its levels.
You also visited: Ossuary and Bailey.

You collected 2327 gold pieces.

Inventory:

Armour
 A - a +0 kite shield (worn)
Jewellery
 e - a ring of ice (on tentacle)
 g - a +6 ring of strength (left tentacle)
 j - an uncursed ring of ice
 o - a ring of resist corrosion (right tentacle)
 p - a +6 ring of strength (on tentacle)
 E - a ring of flight (on tentacle)
 I - the ring of Wyblus (on tentacle) {rElec rC+ Int+3}
   (You acquired it on level 12 of the Dungeon)

   [ring of protection from cold]

   It affects your intelligence (+3).
   It protects you from cold.
   It insulates you from electricity.
 J - an amulet of guardian spirit (around mantle)
 K - an uncursed ring of fire
Wands
 y - a wand of digging (6)
 D - a wand of iceblast (2)
 F - a wand of polymorph (9)
 H - a wand of flame (13)
Scrolls
 c - 2 scrolls of teleportation
 f - a scroll of enchant weapon
 k - 11 scrolls of remove curse
 s - a scroll of immolation
 t - 5 scrolls of amnesia
 z - 3 scrolls of enchant armour
 B - 2 scrolls of identify
 C - 2 scrolls of magic mapping
 G - 2 scrolls of vulnerability
Potions
 b - a potion of stabbing
 d - 5 potions of degeneration
 h - a potion of resistance
 l - a potion of ambrosia
 m - 4 potions of haste
 n - a potion of mutation
 q - 4 potions of lignification
 r - 4 potions of flight
 u - 4 potions of brilliance
 v - 3 potions of might
 w - 3 potions of curing
 x - 2 potions of magic
Comestibles
 a - 26 rations


   Skills:
 - Level 5.0 Fighting
 - Level 7.0 Dodging
 - Level 10.0 Stealth
 + Level 13.0 Shields
 - Level 11.0 Unarmed Combat


You had 11 spell levels left.
You didn't know any spells.
Your spell library contained the following spells:

 Spells                   Type           Power        Failure   Level  Hunger
 Animate Skeleton         Necr           N/A          34%         1    ##.....
 Infusion                 Chrm           #...         34%         1    ##.....
 Pain                     Necr           #...         34%         1    ##.....
 Shroud of Golubria       Chrm/Tloc      #.....       45%         2    ###....
 Song of Slaying          Chrm           #.......     45%         2    ###....
 Ozocubu's Armour         Chrm/Ice       #.......     71%         3    ####...
 Spectral Weapon          Hex/Chrm       #.......     71%         3    ####...
 Vampiric Draining        Necr           #.........   71%         3    ####...
 Animate Dead             Necr           N/A          98%         4    #####..
 Agony                    Necr           #.......     100%        5    ######.


Dungeon Overview and Level Annotations

Branches:
Dungeon (12/15)            Temple (1/1) D:5            Lair (0/6) D:11
    Orc (0/2) D:10        Ossuary (visited)          Bailey (visited)

Altars:
Ashenzari
Dithmenos
Elyvilon
Fedhas
Kikubaaqudgha
Okawaru
Qazlal
Sif Muna
Trog
Vehumet
Xom
Yredelemnul
Zin

Shops:
D:9 %

Portals:
Trove: D:10 (give 16 potions of curing)


Innate Abilities, Weirdness & Mutations

You cannot wear most types of armour.
You are very stealthy in the water. (Stealth+)
You are amphibious.
You can wear up to eight rings at the same time.
You can use your tentacles to constrict eight enemies at once.
Your skin changes colour to match your surroundings (Stealth+).
Your rubbery body absorbs attacks. (AC +1, EV +1)


Message History

Your squeeze misses the freezing wraith.
The freezing wraith is lightly damaged.
The freezing wraith hits you! The freezing wraith freezes you. You resist.
The freezing wraith barely misses you.
You bludgeon the freezing wraith! You squeeze the freezing wraith.
The freezing wraith is moderately damaged.
Your shadow barely misses the freezing wraith.
A five-headed hydra comes into view.
The freezing wraith hits you!
* * * LOW HITPOINT WARNING * * *
The freezing wraith freezes you. You resist.
* * * LOW HITPOINT WARNING * * *
You block the freezing wraith's attack.
Okay, then.
You see here a vampire mosquito corpse.
Okay, then.
The deep elf mage casts a spell.
The deep elf mage casts a spell.
The wolf spider hits you!!
You die...

#### ##.....##
#.###.##.# # ##...##
#.###.##.# # #+##
#........# # #.#
#####.#### ####.#####
#.# #........# #.#
#.#...##.# #.#
####.e.).W#.########.#
#.r3.C....s@.........#
#(##.#..###.##########
DsC.e([##.#..# #.#
.########........# #}
####.##### # #.# #.#
#.#


You could see an ettin, a wolf spider, a freezing wraith and a deep elf mage.

Vanquished Creatures
  Erolcha (D:11)
  Fannar (D:12)
  A centaur warrior (D:11)
  2 two-headed ogres
  An unseen horror (D:10)
  An ugly thing (D:11)
  An orc knight (Bailey)
  An oklob plant (D:11)
  Pikel (D:5)
  2 cyclopes (D:12)
  Psyche (D:11)
  A troll (D:10)
  Prince Ribbit (D:5)
  A hippogriff (D:8)
  6 yaks (D:11)
  A wyvern (D:8)
  A hungry ghost (D:7)
  A vampire mosquito (D:12)
  Menkaure (D:6)
  An acid dragon (D:12)
  A water moccasin (D:7)
  3 phantoms
  4 slaves (D:5)
  A sky beast (D:8)
  15 orc warriors
  2 ice beasts
  7 ogres
  9 centaurs
  3 necrophages
  9 bullfrogs
  A big kobold (D:7)
  A gnoll sergeant (D:8)
  7 scorpions
  4 killer bees (D:5)
  4 wights (D:11)
  3 electric eels (D:8)
  2 howler monkeys
  8 crimson imps
  3 centaur zombies
  4 bullfrog zombies
  A centaur skeleton (D:5)
  3 human zombies (Ossuary)
  5 orc priests
  3 jellies
  9 orc wizards
  5 hounds
  A bullfrog skeleton (D:7)
  3 iguanas
  8 worker ants
  A big kobold zombie (Ossuary)
  3 mummies (Ossuary)
  A hound skeleton (D:8)
  A worker ant zombie (D:6)
  4 gnolls (D:8)
  A howler monkey skeleton (D:8)
  2 scorpion zombies (Ossuary)
  8 adders
  4 shadow imps
  A white imp (D:8)
  2 oozes
  An adder skeleton (D:7)
  A worm (D:4)
  3 dart slugs
  6 leopard geckos
  44 orcs
  7 giant cockroaches
  7 gnoll zombies (Ossuary)
  12 goblins
  11 hobgoblins
  8 jackals
  3 quokkas
  A ball python (D:1)
  6 bats
  4 frilled lizards
  2 goblin zombies (Ossuary)
  A jackal skeleton (D:4)
  12 kobolds
  2 kobold zombies (Ossuary)
  A leopard gecko zombie (D:5)
  2 orc zombies (Ossuary)
  2 quokka skeletons
  5 rats
325 creatures vanquished.

Vanquished Creatures (others)
  A scorpion (Ossuary)
  A jelly (D:10)
  A jackal (D:10)
3 creatures vanquished.

Grand Total: 328 creatures vanquished

Notes
Turn   | Place    | Note
-------+----------+-------------------------------------------
     0 | D:1      | xccam the Octopode Monk began the quest for the Orb.
     0 | D:1      | Reached XP level 1. HP: 16/16 MP: 1/1
   231 | D:1      | Reached XP level 2. HP: 21/21 MP: 2/2
   468 | D:1      | Reached XP level 3. HP: 26/26 MP: 3/3
  1307 | D:2      | Reached XP level 4. HP: 31/31 MP: 4/4
  1431 | D:2      | Found a faded altar of an unknown god.
  1446 | D:2      | Reached skill level 5 in Unarmed Combat
  2057 | D:3      | Reached XP level 5. HP: 29/36 MP: 5/5
  2244 | D:3      | You fall into a shaft and drop 1 floor!
  2282 | D:4      | Noticed a phantom
  2854 | D:4      | Killed a phantom
  2854 | D:4      | Reached skill level 5 in Stealth
  2854 | D:4      | Reached XP level 6. HP: 35/42 MP: 6/6
  3115 | D:4      | Found an iron altar of Okawaru.
  3437 | D:4      | Noticed a phantom
  3473 | D:4      | Killed a phantom
  4050 | D:5      | Entered Level 5 of the Dungeon
  4056 | D:5      | Reached XP level 7. HP: 46/46 MP: 7/7
  4058 | D:5      | Noticed Pikel
  4709 | D:5      | Found a staircase to the Ecumenical Temple.
  4840 | Temple   | Entered the Ecumenical Temple
  4877 | Temple   | Became a worshipper of Dithmenos the Shadowed
  4877 | Temple   | Reached * piety under Dithmenos
  4877 | Temple   | Reached ** piety under Dithmenos
  4941 | D:5      | Reached XP level 8. HP: 24/54 MP: 8/8
  5201 | D:5      | Killed Pikel
  5201 | D:5      | Reached skill level 5 in Fighting
  5380 | D:5      | Noticed Prince Ribbit
  5862 | D:5      | Killed Prince Ribbit
  5990 | D:6      | Noticed Menkaure
  5995 | D:6      | Found a sand-covered staircase.
  6010 | Ossuary  | Entered an ossuary
  6162 | Ossuary  | Reached XP level 9. HP: 59/61 MP: 9/9
  6212 | Ossuary  | Reached skill level 10 in Stealth
  6680 | D:6      | Reached *** piety under Dithmenos
  6862 | D:6      | Killed Menkaure
  7867 | D:7      | Reached XP level 10. HP: 58/66 MP: 10/10
  7883 | D:7      | Reached skill level 10 in Unarmed Combat
  8214 | D:7      | Reached **** piety under Dithmenos
  8607 | D:8      | Reached skill level 1 in Shields
  8993 | D:8      | Reached skill level 2 in Shields
  9395 | D:8      | Reached skill level 3 in Shields
  9405 | D:8      | Found a shattered altar of Ashenzari.
  9769 | D:8      | Reached skill level 4 in Shields
 10460 | D:9      | Found Vuobbora's Food Emporium.
 10655 | D:9      | Found a flagged portal.
 10664 | Bailey   | Entered a bailey
 10685 | Bailey   | Reached skill level 5 in Shields
 10996 | Bailey   | Reached skill level 6 in Shields
 11035 | Bailey   | Found a roughly hewn altar of Beogh.
 11035 | Bailey   | Noticed an orc knight
 11053 | Bailey   | Killed an orc knight
 11053 | Bailey   | Reached skill level 7 in Shields
 11053 | Bailey   | Reached XP level 11. HP: 49/71 MP: 11/11
 11517 | D:10     | Entered Level 10 of the Dungeon
 11801 | D:10     | Noticed a four-headed hydra
 11803 | D:10     | Noticed a brown ugly thing
 11803 | D:10     | Noticed a cyan ugly thing
 11803 | D:10     | Noticed a death knight
 11804 | D:10     | Noticed a cyclops
 11824 | D:10     | Noticed a catoblepas
 11857 | D:10     | Noticed a salamander
 11984 | D:10     | Reached skill level 8 in Shields
 11994 | D:10     | Found a staircase to the Orcish Mines.
 12134 | D:10     | Found a portal to a secret trove of treasure.
 12224 | D:10     | Identified a scroll of acquirement
 12283 | D:10     | Killed an unseen horror
 12519 | D:10     | Reached ***** piety under Dithmenos
 12744 | D:11     | Noticed a purple ugly thing
 12752 | D:11     | Killed a purple ugly thing
 12752 | D:11     | Reached skill level 9 in Shields
 13070 | D:11     | Reached skill level 10 in Shields
 13168 | D:11     | Noticed a two-headed ogre
 13216 | D:10     | Killed a two-headed ogre
 13489 | D:11     | Noticed a centaur warrior
 13502 | D:11     | Killed a centaur warrior
 13502 | D:11     | Reached skill level 11 in Shields
 13755 | D:11     | Noticed Psyche
 13763 | D:11     | Killed Psyche
 13873 | D:11     | Found a staircase to the Lair.
 13913 | D:11     | Noticed an oklob plant
 14025 | D:11     | Killed an oklob plant
 14055 | D:11     | Noticed Erolcha
 14066 | D:11     | Killed Erolcha
 14066 | D:11     | Reached skill level 12 in Shields
 14066 | D:11     | Reached XP level 12. HP: 77/77 MP: 12/12
 14232 | D:12     | Noticed a two-headed ogre
 14244 | D:12     | Killed a two-headed ogre
 14650 | D:12     | Noticed Fannar
 14666 | D:12     | Killed Fannar
 14675 | D:12     | Got the ring of Wyblus {rElec rC+ Int+3}
 14805 | D:12     | Noticed an ettin
 14811 | D:12     | Reached skill level 13 in Shields
 14816 | D:12     | Noticed a five-headed hydra
 14826 | D:12     | Noticed a soul eater
 14826 | D:12     | Slain by a wolf spider

Illustrated notes

Levels and vault maps discovered:
D:1:      scummos_arrival_hexagon, layout_rooms
D:2:      layout_rooms, chequers_ecumenical_altar_island
D:3:      layout_loops_corners
D:4:      layout_basic, okawaru_ov_weapons_minmay, first_ration
D:5:      layout_loops_ring, minmay_temple_entry_large_hall, st_stairs_8,
          uniq_prince_ribbit1, uniq_pikel
D:6:      layout_cave_pools, nicolae_ossuary_entry_false_entrances,
          uniq_menkaure
D:7:      layout_rooms, grunt_ogre_cave, hangedman_abyss_or_decor_slice
D:8:      statuecave_lemuel, layout_basic, nicolae_ashenzari_panopticon,
          minmay_fire_ice_demons
D:9:      layout_loops_corners, serial_shops, shop, enter_bailey_3,
          serial_park_tiny_1
D:10:     layout_loops_cross, orc_0_dummy, trove_entry_hex_spiral, minivault_12
D:11:     layout_basic, dpeg_oklobed_lair, uniq_psyche, uniq_erolcha
D:12:     minmay_guarded_unrand_guard, layout_loops_corners, basic_altar,
          uniq_nessos, uniq_fannar
Temple:   regret_index_temple_chain_breaker

Skill      XL: |  1  2  3  4  5  6  7  8  9 10 11 12 |
---------------+-------------------------------------+-----
Unarmed Combat | 4 5 6 9 11 | 11.0
Stealth        | 5 7 9 10 | 10.0
Fighting       | 4 5 |  5.0
Dodging        | 4 7 |  7.0
Shields        | 7 12 13 | 13.0

Action                   |  1- 3 |  4- 6 |  7- 9 | 10-12 || total
-------------------------+-------+-------+-------+-------++-------
Melee: Unarmed           |    53 |   100 |   228 |   358 ||   739
       Constrict         |    16 |    16 |    60 |    63 ||   155
       Tentacles         |    14 |    24 |    85 |   115 ||   238
       Punch             |     3 |     8 |    21 |    59 ||    91
Invok: Shadow Step       |       |       |       |     1 ||     1
Evoke: Wand              |       |       |     2 |    10 ||    12
  Use: Scroll            |       |     3 |    15 |     6 ||    24
       Potion            |       |     4 |     3 |     4 ||    11
 Stab: Sleeping          |     7 |    14 |    10 |    45 ||    76
       Confused          |       |       |     2 |     3 ||     5
       Distracted        |       |       |     1 |     4 ||     5
  Eat: Chunk             |     1 |     9 |    10 |    17 ||    37
       Ration            |       |       |     1 |     1 ||     2
Armor: Skin              |     2 |     3 |    16 |     2 ||    23
Dodge: Dodged            |    33 |    42 |   152 |   177 ||   404
Block: Kite shield       |       |       |       |   106 ||   106
